 Dungeon Crawl Stone Soup version 0.22.1-6-g1668fe2 (webtiles) character file.

982 brainwave the Slasher (level 7, -1/62 HPs)
             Began as a Minotaur Berserker on Jan 28, 2019.
             Was a Priest of Trog.
             Slain by a black bear (3 damage)
             ... on level 6 of the Dungeon.
             The game lasted 00:44:58 (4194 turns).

brainwave the Slasher (Minotaur Berserker)          Turns: 4194, Time: 00:44:58

Health: -1/62      AC:  7    Str: 23    XL:     7   Next: 96%
Magic:  6/6        EV: 10    Int:  8    God:    Trog [***...]
Gold:   220        SH:  3    Dex: 10    Spells: 6/6 levels left

rFire    x . .     SeeInvis +   G - +0 war axe (freeze)
rCold    + . .     Gourm    .   O - +0 buckler of Sloth {rElec Int+4 SInv} (curse)
rNeg     . . .     Faith    .   i - +0 scale mail
rPois    .         Spirit   .   (helmet restricted)
rElec    +         Reflect  .   (no cloak)
rCorr    .         Harm     .   (no gloves)
MR       .....                  (no boots)
Stlth    ..........             (no amulet)
HPRegen  0.20/turn              g - ring of see invisible
MPRegen  0.10/turn              z - ring of ice

@: about to teleport
A: retaliatory headbutt, horns 2
a: Berserk, Trog's Hand, Renounce Religion


You were on level 6 of the Dungeon.
You worshipped Trog.
Trog was most pleased with you.
You were not hungry.

You visited 1 branch of the dungeon, and saw 6 of its levels.

You collected 220 gold pieces.

Inventory:

Hand Weapons
 a - a +1 falchion
 e - a +2 quarterstaff of chaos
 j - a +1 mace of draining
 q - a +2 shortbow of freezing
 r - a +0 hand axe
 u - a +0 quarterstaff
 w - a cursed -2 dagger
 x - a +0 flail
 y - a +0 whip
 A - a +0 scythe
 E - a +0 flail
 F - a cursed -3 giant spiked club
 G - a +0 war axe of freezing (weapon)
 I - a +0 whip
 J - a +0 shortbow
 K - a +0 halberd
 M - a +0 rapier
Missiles
 m - 8 javelins
 o - 10 tomahawks (quivered)
 p - 27 poisoned needles
 t - 52 arrows
Armour
 h - a +0 cloak of invisibility
 i - a +0 scale mail (worn)
 s - a +0 pair of gloves
 H - a +0 leather armour of fire resistance
 N - a +0 cloak
 O - the cursed +0 buckler of Sloth (worn) {rElec Int+4 SInv}
   (You found it on level 5 of the Dungeon)

   It affects your intelligence (+4).
   It insulates you from electricity.
   It lets you see invisible.
   It has a curse placed upon it.
Jewellery
 g - a ring of see invisible (left hand)
 z - a ring of ice (right hand)
Wands
 n - a wand of disintegration (3)
Scrolls
 b - 2 scrolls of amnesia
 k - 4 scrolls of teleportation
 l - 2 scrolls of identify
 v - a scroll of enchant weapon
Potions
 d - a potion of heal wounds {unknown}
 f - 3 potions of agility
 B - 5 potions of might {unknown}
 C - a potion of haste {unknown}
 D - a potion of resistance {unknown}
 L - a potion of ambrosia {unknown}
Comestibles
 c - 3 rations


   Skills:
 + Level 5.9 Fighting
 + Level 6.6 Long Blades
 + Level 0.9 Axes
 + Level 4.1 Staves
 + Level 0.4 Throwing
 + Level 6.0 Armour
 + Level 3.6 Dodging
 + Level 1.2 Stealth
 + Level 0.1 Shields


You had 6 spell levels left.
You didn't know any spells.
Your spell library was empty.

Dungeon Overview and Level Annotations

Branches:
Dungeon (6/15)
 Temple: D:4-7

Altars:
Qazlal
Sif Muna


Innate Abilities, Weirdness & Mutations

You reflexively headbutt those who attack you in melee.
You have a pair of horns on your head.


Message History

The black bear bites you.
* * * LOW HITPOINT WARNING * * *
The black bear claws you.
* * * LOW HITPOINT WARNING * * *
The black bear closely misses you.
A hound comes into view.
The black bear goes berserk!
Okay, then.
As you read the scroll of teleportation, it crumbles to dust.
You feel strangely unstable. The black bear bites you.
* * * LOW HITPOINT WARNING * * *
You block the black bear's attack. The black bear barely misses you.
The black bear bites you.
* * * LOW HITPOINT WARNING * * *
The black bear barely misses you. The black bear claws you.
* * * LOW HITPOINT WARNING * * *
The black bear bites you.
* * * LOW HITPOINT WARNING * * *
The black bear barely misses you. The black bear claws you.
You die...

#........# #....
##........# #..... .#
#.........# ###......
..###.........###........
#..#..........#..........
.....................#..
#.............†....##
#.............†#..##
##...@.[..###...##
##..h....# #..#...
##.l##### ..###... #.##
.## #.. #h# .# #. #..
#... #.... #.....


You could see a black bear (berserk), a hound and a leopard gecko.

Vanquished Creatures
  Sigmund (D:3)
  An ogre (D:5)
  An orc warrior (D:6)
  A necrophage (D:5)
  3 centaurs
  An orc priest (D:3)
  Crazy Yiuf (D:3)
  A hound (D:4)
  An orc wizard (D:3)
  Jessica (D:3)
  A hound zombie (D:5)
  5 adders
  3 gnolls (D:5)
  4 worms
  3 leopard geckos
  18 orcs
  A ball python (D:4)
  A giant cockroach (D:2)
  10 hobgoblins
  4 jackals (D:3)
  A quokka (D:3)
  9 bats
  8 frilled lizards
  5 goblins
  9 kobolds
  6 rats
100 creatures vanquished.

Vanquished Creatures (others)
  A worker ant (D:5)
1 creature vanquished.

Grand Total: 101 creatures vanquished

Notes
Turn   | Place    | Note
-------+----------+-------------------------------------------
     0 | D:1      | brainwave the Minotaur Berserker began the quest for the
                  | Orb.
     0 | D:1      | Reached XP level 1. HP: 19/19 MP: 0/0
   700 | D:2      | Reached XP level 2. HP: 25/27 MP: 1/1
   701 | D:2      | Found a stormy altar of Qazlal.
  1153 | D:2      | HP: 1/28 [orc/hand axe (2)]
  1155 | D:2      | Reached XP level 3. HP: 14/34 MP: 2/2
  1369 | D:3      | Noticed Jessica
  1373 | D:3      | Reached XP level 4. HP: 41/41 MP: 3/3
  1377 | D:3      | Reached ** piety under Trog
  1379 | D:3      | Killed Jessica
  1379 | D:3      | Reached skill level 5 in Long Blades
  1384 | D:3      | Reached XP level 5. HP: 32/47 MP: 4/4
  1500 | D:3      | Found a runed door.
  1504 | D:3      | Noticed Crazy Yiuf
  1509 | D:3      | Killed Crazy Yiuf
  1916 | D:3      | Noticed Sigmund
  1923 | D:3      | Killed Sigmund
  1923 | D:3      | Reached skill level 5 in Fighting
  1923 | D:3      | Reached XP level 6. HP: 31/56 MP: 5/5
  2725 | D:5      | Entered Level 5 of the Dungeon
  2727 | D:5      | Reached skill level 1 in Staves
  3246 | D:5      | Reached XP level 7. HP: 59/61 MP: 6/6
  3430 | D:5      | Reached skill level 5 in Armour
  3442 | D:5      | Reached skill level 1 in Stealth
  3443 | D:5      | Reached *** piety under Trog
  3550 | D:5      | Got a smoking buckler
  3558 | D:5      | Identified the cursed +0 buckler of Sloth {rElec Int+4
                  | SInv} (You found it on level 5 of the Dungeon)
  3689 | D:5      | Found a deep blue altar of Sif Muna.
  4192 | D:6      | HP: 3/62 [black bear (2)]
  4194 | D:6      | Slain by a black bear

Skill      XL: |  1  2  3  4  5  6  7 |
---------------+----------------------+-----
Fighting       | 4 5 |  5.9
Long Blades    | 4 5 6 |  6.6
Armour         | 3 4 6 |  6.0
Dodging        | 3 |  3.6
Staves         | 2 4 |  4.1
Stealth        | 1 |  1.2
Axes           | |  0.9
Throwing       | |  0.4
Shields        | |  0.1

Action                   |  1- 3 |  4- 6 |  7- 9 || total
-------------------------+-------+-------+-------++-------
Melee: Falchion          |    61 |    41 |       ||   102
       Headbutt          |    11 |    19 |     7 ||    37
       Quarterstaff      |       |    53 |    19 ||    72
       War axe           |       |       |    22 ||    22
Throw: Tomahawk          |       |       |     3 ||     3
Invok: Berserk           |     1 |     2 |       ||     3
  Use: Potion            |     4 |     1 |     2 ||     7
       Scroll            |     1 |     4 |     4 ||     9
 Stab: Paralysed         |       |       |     1 ||     1
  Eat: Chunk             |     1 |     4 |       ||     5
       Ration            |       |     2 |     1 ||     3
Armor: Ring mail         |    11 |       |       ||    11
       Animal skin       |     1 |       |       ||     1
       Chain mail        |     9 |       |       ||     9
       Scale mail        |     1 |    28 |    26 ||    55
       Skin              |       |     1 |       ||     1
Dodge: Dodged            |    50 |    76 |    46 ||   172
Block: Buckler           |       |       |     6 ||     6
       Rpst.: Falchion   |    14 |    13 |       ||    27
